 Dungeon Crawl Stone Soup version 0.22.1-1-ga44c0e5 (webtiles) character file.

107 DolittleGuy the Skirmisher (level 4, -1/41 HPs)
             Began as a Hill Orc Fighter on Oct 23, 2018.
             Was an Initiate of Beogh.
             Slain by an orc warrior
             ... wielding a +0 hand axe
              (12 damage)
             ... on level 2 of the Dungeon.
             The game lasted 00:04:37 (1242 turns).

DolittleGuy the Skirmisher (Hill Orc Fighter)       Turns: 1242, Time: 00:04:37

Health: -1/41      AC:  7    Str: 19    XL:     4   Next: 86%
Magic:  4/4        EV:  7    Int:  8    God:    Beogh [......]
Gold:   92         SH:  9    Dex: 10    Spells: 3/3 levels left

rFire    . . .     SeeInvis .   a - +0 long sword
rCold    . . .     Gourm    .   c - +0 shield
rNeg     . . .     Faith    .   b - +0 scale mail
rPois    .         Spirit   .   (no helmet)
rElec    .         Reflect  .   (no cloak)
rCorr    .         Harm     .   (no gloves)
MR       .....                  (no boots)
Stlth    ..........             (no amulet)
HPRegen  0.13/turn              (no ring)
MPRegen  0.09/turn              (no ring)

@: no status effects
A: no striking features
a: Renounce Religion


You were on level 2 of the Dungeon.
You worshipped Beogh.
Beogh was noncommittal.
You were hungry.

You visited 1 branch of the dungeon, and saw 2 of its levels.

You collected 92 gold pieces.

Inventory:

Hand Weapons
 a - a +0 long sword (weapon)
Armour
 b - a +0 scale mail (worn)
 c - a +0 shield (worn)
 o - a +0 chain mail
Scrolls
 e - 2 scrolls of remove curse {unknown}
 g - 2 scrolls of identify {unknown}
 h - a scroll of noise {unknown}
 k - a scroll of blinking {unknown}
 m - a scroll of fog {unknown}
 p - a scroll of magic mapping {unknown}
 r - 2 scrolls of amnesia {unknown}
Potions
 d - a potion of might
 i - a potion of mutation {unknown}
 j - a potion of heal wounds {unknown}
 l - 3 potions of curing {unknown}
 n - 2 potions of agility {unknown}
 q - 2 potions of brilliance {unknown}
 s - a potion of lignification {unknown}
Comestibles
 f - 5 rations


   Skills:
 + Level 4.4 Fighting
 + Level 3.4 Long Blades
 + Level 3.8 Armour
 + Level 0.5 Dodging
 + Level 4.1 Shields


You had 3 spell levels left.
You didn't know any spells.
Your spell library was empty.

Dungeon Overview and Level Annotations

Branches:
Dungeon (2/15)

Altars:
Nemelex Xobeh


Message History

You block the orc's attack.
Your shield prevents you from hitting the orc warrior.
The orc warrior is moderately wounded.
You block the orc warrior's attack. The orc hits you but does no damage.
You hit the orc warrior.
The orc warrior is heavily wounded.
You block the orc warrior's attack. You block the orc's attack.
You hit the orc warrior.
The orc warrior is severely wounded.
The orc warrior closely misses you. You block the orc's attack.
The orc warrior hits you but does no damage.
You barely miss the orc warrior.
The orc warrior is severely wounded.
The orc hits you but does no damage. You block the orc warrior's attack.
You slash the orc warrior!
The orc warrior is almost dead.
You block the orc's attack.
The orc warrior hits you with a hand axe!
You die...
Beogh appreciates the orc warrior's killing of a heretic priest.

. .. #. #'
##.##.######
...........
..........#
..........#
.......†..####..#
.......)).@o....#
........)#.o....#
.........#......#
.......(.#####..#
.........# .# .#
'###..###.#####..#
.##..#..............#
#.#...'.......######..
##'#.#.#....†..####


You could see an orc warrior and an orc.

Vanquished Creatures
  A hound skeleton (D:2)
  2 adders (D:2)
  An ooze (D:1)
  A dart slug (D:1)
  3 leopard geckos
  2 orcs (D:2)
  A ball python (D:1)
  5 bats
  3 giant cockroaches
  3 goblins
  5 hobgoblins
  10 jackals
  13 kobolds
  2 quokkas (D:2)
  5 frilled lizards
  4 rats
61 creatures vanquished.

Vanquished Creatures (others)
  An orc priest (D:2)
  An orc (D:2)
2 creatures vanquished.

Grand Total: 63 creatures vanquished

Notes
Turn   | Place    | Note
-------+----------+-------------------------------------------
     0 | D:1      | DolittleGuy the Hill Orc Fighter began the quest for the
                  | Orb.
     0 | D:1      | Reached XP level 1. HP: 19/19 MP: 1/1
   111 | D:1      | Reached XP level 2. HP: 25/27 MP: 2/2
   301 | D:1      | Reached XP level 3. HP: 31/33 MP: 3/3
   774 | D:2      | Found a sparkling altar of Nemelex Xobeh.
   879 | D:2      | Reached XP level 4. HP: 41/41 MP: 4/4
  1212 | D:2      | Became a worshipper of Beogh the Brigand
  1227 | D:2      | Noticed an orc warrior
  1242 | D:2      | Slain by an orc warrior

Skill      XL: |  1  2  3  4 |
---------------+-------------+-----
Fighting       | 4 |  4.4
Long Blades    | 3 |  3.4
Shields        | 4 |  4.1
Armour         | |  3.8
Dodging        | |  0.5

Action                   |  1- 3 |  4- 6 || total
-------------------------+-------+-------++-------
Melee: Long sword        |   108 |    83 ||   191
Invok: Convert to Beogh  |       |     1 ||     1
  Eat: Chunk             |       |     1 ||     1
Armor: Scale mail        |    79 |    49 ||   128
Dodge: Dodged            |    52 |    26 ||    78
Block: Shield            |    74 |    66 ||   140
       Rpst.: Long sword |    19 |     8 ||    27
